 Dungeon Crawl Stone Soup version 0.31-a0-971-g75a2e9a4b4 (webtiles) character file.

Game seed: 5268612652894432595

519 BinkBink the Ruffian (level 7, -10/46 HPs)
             Began as an Octopode Shapeshifter on Oct 28, 2023.
             Was an Initiate of Dithmenos.
             Mangled by a two-headed ogre
             ... wielding a +0 giant club
              (22 damage)
             ... on level 5 of the Dungeon.
             The game lasted 00:04:50 (2874 turns).

BinkBink the Ruffian (Octopode Shapeshifter)        Turns: 2874, Time: 00:04:51

Health: -10/46     AC:  9    Str: 15    XL:     7   Next: 21%
Magic:  0/7        EV: 14    Int: 13    God:    Dithmenos [......]
Gold:   237        SH:  0    Dex: 11    Spells: 6/6 levels left

rFire   . .          .
                       - Unarmed
rCold   . . .        (no shield)
rNeg    . . .        (helmet currently unavailable)
rPois   .            d - amulet of guardian spirit
rElec   .            g - +4 ring of protection
rCorr   .            i - +4 ring of protection
SInv    .            (no ring)
Will    .....        (no ring)
Stlth   ++           (no ring)
HPRegen 0.27/turn    (no ring)
MPRegen 0.10/turn    (no ring)
                     (no ring)

%: guardian spirit
@: beast-form
A: beast (slay +2), almost no armour, amphibious, 8 rings, camouflage 1,
gelatinous body 1, (nimble swimmer 1), tentacles
a: Begin Untransformation, Renounce Religion


You were on level 5 of the Dungeon.
You worshipped Dithmenos.
Dithmenos was noncommittal.
You were a hulking beast.
You visited 2 branches of the dungeon, and saw 6 of its levels.

You collected 237 gold pieces.

Inventory:

Jewellery
 d - an amulet of guardian spirit (around mantle)
 g - a +4 ring of protection (left tentacle)
 i - a +4 ring of protection (right tentacle)
Talismans
 b - a beast talisman (active)
 c - a flux talisman
 p - a dragon-blood talisman
Wands
 h - a wand of flame (2)
 s - a wand of mindburst (5)
Scrolls
 e - 3 scrolls of identify {unknown}
 f - a scroll of amnesia {unknown}
 j - a scroll of poison {unknown}
 k - 2 scrolls of teleportation {unknown}
 m - a scroll of blinking {unknown}
 q - a scroll of acquirement {unknown}
 r - a scroll of immolation {unknown}
Potions
 a - 2 potions of lignification
 l - a potion of enlightenment {unknown}
 n - a potion of brilliance {unknown}
 o - a potion of curing {unknown}


   Skills:
 + Level 3.3 Fighting
 + Level 3.7 Dodging
 * Level 5.5 Unarmed Combat
 + Level 4.2 Shapeshifting


You had 6 spell levels left.
You didn't know any spells.
Your spell library was empty.

Dungeon Overview and Level Annotations

Branches:
Dungeon (5/15)             Temple (1/1) D:4

Altars:
Cheibriados
Dithmenos
Fedhas
Gozag
Hepliaklqana
Kikubaaqudgha
Makhleb
Okawaru
Qazlal
Ru
Sif Muna
Trog
Uskayaw
Wu Jian
Yredelemnul
Zin
The Shining One

Shops:
D:5 !=


Innate Abilities, Weirdness & Mutations

You are a hulking beast.
Your limbs bulge with bestial killing power. (Slay +2)
You cannot wear most types of armour.
You are amphibious.
You can wear up to eight rings at the same time.
Your skin changes colour to match your surroundings (Stealth+).
Your rubbery body absorbs attacks. (AC +1, EV +1)
((You are camouflaged when in or above water. (Stealth+)))
You have tentacles for arms and can constrict up to eight enemies at once.


Message History

You kill the hound!
Dithmenos accepts your kill.
No target in view!
HP restored.
There is an entrance to Fuoprofi's Distillery here.
Found a stone staircase leading down.
A jelly comes into view.
The jelly quivers.
There is a stone staircase leading down here.
The jelly barely misses you.
You bludgeon the jelly!
Your tentacles burn!
The jelly is heavily wounded.
The jelly barely misses you.
You bludgeon the jelly!
You kill the jelly!
Dithmenos accepts your kill.
Found a falchion.
Found a scroll labelled WOGY SONAE.
Found a stone staircase leading up.
k - 2 scrolls labelled WOGY SONAE (gained 1)
You open the door.
Found a stormy altar of Qazlal.
There is an open door here.
The two-headed ogre shouts in stereo!
There is a stone staircase leading up here.
You bludgeon the two-headed ogre!
The two-headed ogre is lightly wounded.
The two-headed ogre hits you with a +0 giant club!!
The two-headed ogre completely misses you.
You bludgeon the two-headed ogre!
Your squeeze misses the two-headed ogre.
The two-headed ogre is moderately wounded.
The two-headed ogre hits you with a +0 giant club.
The two-headed ogre hits you with a +0 giant club!
* * * LOW HITPOINT WARNING * * *
You tentacle-slap the two-headed ogre.
The two-headed ogre is heavily wounded.
You completely miss the two-headed ogre.
The two-headed ogre is heavily wounded.
The two-headed ogre hits you with a +0 giant club!!
You die...

########..... ##.#..##......
### ##............. ###.##
#.......#...... #....#
#......##......
##...######......#.....##
##....#.##..............##
####.....#.................##
#...........hO..##.........#.
##...........##............##.
#....##.......................
##.#####..........[...........
### ##.....#................
#.....##........#.....##
#...#...........##....#_
#..###..........##....##
#...###......#..........


You could see a two-headed ogre.

Vanquished Creatures
  Sigmund (D:2)
  Edmund (D:4)
  An ogre (D:4)
  A jelly (D:5)
  A hound (D:5)
  A sleepcap (D:5)
  2 adders
  3 dart slugs
  4 orcs
  7 endoplasms
  3 giant cockroaches
  4 goblins
  4 hobgoblins
  6 jackals
  5 quokkas
  3 ball pythons
  4 bats
  4 frilled lizards
  4 kobolds
  2 rats
61 creatures vanquished.

Notes
Turn   | Place    | Note
-------+----------+-------------------------------------------
     0 | D:1      | BinkBink the Octopode Shapeshifter began the quest for the
                  | Orb.
     0 | D:1      | Reached XP level 1. HP: 13/13 MP: 1/1
   118 | D:1      | You fall into a shaft and drop 1 floor!
   120 | D:2      | Noticed Sigmund
   128 | D:2      | Killed Sigmund
   129 | D:2      | Reached skill level 4 in Unarmed Combat
   129 | D:2      | Reached XP level 2. HP: 1/20 MP: 0/2
   129 | D:2      | Reached XP level 3. HP: 2/25 MP: 0/3
   129 | D:2      | Reached XP level 4. HP: 2/30 MP: 0/4
   129 | D:2      | Reached XP level 5. HP: 3/35 MP: 0/5
   495 | D:2      | Identified the +6 chain mail of Dramatic Exits {+Blink
                  | Will+ MP+9 Stlth-}
  1779 | D:4      | Found a staircase to the Ecumenical Temple.
  1790 | Temple   | Entered the Ecumenical Temple
  1859 | Temple   | Became a worshipper of Dithmenos the Shadowed
  1894 | D:4      | Noticed an ogre
  1897 | D:4      | Killed an ogre
  1898 | D:4      | Reached XP level 6. HP: 31/41 MP: 4/6
  1929 | D:4      | Noticed Edmund
  1939 | D:4      | Killed Edmund
  1940 | D:4      | Reached skill level 5 in Unarmed Combat
  2435 | D:5      | Entered Level 5 of the Dungeon
  2445 | D:5      | Found Venet's Jewellery Boutique.
  2460 | D:5      | Reached XP level 7. HP: 46/46 MP: 7/7
  2544 | D:5      | Noticed a two-headed ogre
  2578 | D:5      | Found Fuoprofi's Distillery.
  2821 | D:5      | Found a stormy altar of Qazlal.
  2874 | D:5      | Mangled by a two-headed ogre

Illustrated notes

Levels and vault maps discovered:
D:1:      evilmike_arrival_plus, layout_loops_ring
D:2:      layout_basic, uniq_sigmund
D:3:      layout_basic, minivault_5
D:4:      layout_basic, minmay_temple_entry_waves, uniq_edmund
D:5:      layout_cave_pools, kennysheep_mini, serial_shops,
          nicolae_shop_rolling_square, shop_coins, nicolae_shop_back_alley_shop,
          nicolae_diamond_shop
Temple:   nicolae_temple_slightly_damp_pantheon

Skill      XL: |  1  2  3  4  5  6 |
---------------+-------------------+-----
Fighting       | 2 3 |  3.3
Unarmed Combat | 4 5 |  5.5
Dodging        | 3 |  3.7
Shapeshifting  | 4 |  4.2

Action                     |  1- 3 |  4- 6 |  7- 9 || total
---------------------------+-------+-------+-------++-------
  Melee: Unarmed           |    10 |    98 |    15 ||   123
         Tentacles         |     2 |    16 |     2 ||    20
         Constrict         |     1 |    16 |     2 ||    19
         Punch             |     1 |     5 |     1 ||     7
   Stab: Sleeping          |       |     8 |       ||     8
 Armour: Skin              |     3 |    35 |    10 ||    48
  Dodge: Dodged            |     6 |    42 |     5 ||    53
   Form: Beast             |     1 |       |       ||     1

Table legend: (Time is in decaauts)
 A = Elapsed time spent in this place.
 B = Non-inter-level travel time spent in this place.
 C = Inter-level travel time spent in this place.
 D = Time resting spent in this place.
 E = Time spent auto-exploring this place.
 F = Levels seen in this place.
 G = Mean time per level.
                   A        B        C        D        E       F      G
               +--------+--------+--------+--------+--------+-----+--------+
         Total |   2862 |   2710 |    152 |    166 |   1927 |   6 |  477.0 |
       Dungeon |   2773 |   2708 |     65 |    166 |   1927 |   5 |  554.6 |
        Temple |     88 |      1 |     87 |      0 |      0 |   1 |   88.0 |
               +--------+--------+--------+--------+--------+-----+--------+

Top non-repeatable levels by time:
     D:2: 921 daAuts
     D:3: 724 daAuts
     D:4: 572 daAuts
     D:5: 437 daAuts
     D:1: 117 daAuts
  Temple: 88 daAuts
